 Dungeon Crawl Stone Soup version 0.17.1-2-g5865329 (webtiles) character file.

15164 alib the Destroyer (level 11, -3/79 HPs)
             Began as a Demonspawn Fire Elementalist on Jan 22, 2016.
             Was a High Priest of Vehumet.
             Slain by a cyan ugly thing (16 damage)
             ... on level 11 of the Dungeon.
             The game lasted 00:24:34 (11119 turns).

alib the Destroyer (Demonspawn Fire Elementalist)  Turns: 11119, Time: 00:24:35

Health: -3/79      AC:  9    Str: 10      XL:     11   Next: 98%
Magic:  0/23       EV: 15    Int: 19      God:    Vehumet [*****.]
Gold:   638        SH:  0    Dex: 12 (13) Spells: 4 memorised, 14 levels left

rFire  + . .     SeeInvis .     d - +0 dagger
rCold  . . .     Clarity  .     t - +2 leather armour {rC+}
rNeg   . . .     SustAt   .     (no shield)
rPois  .         Gourm    .     y - +1 hat
rElec  .         Spirit   .     J - +0 cloak
rCorr  .         Warding  .     (no gloves)
rMut   .         Stasis   .     (no boots)
MR     .....                    V - amulet of faith
Stlth  ++++......               O - ring of fire
                                N - +2 ring of evasion

@: not resistant to hostile enchantments, stealthy
A: thin metallic scales 1, nightstalker 2, powered by death 2
a: Renounce Religion


You were on level 11 of the Dungeon.
You worshipped Vehumet.
Vehumet was extremely pleased with you.
You were near starving.

You visited 1 branch of the dungeon, and saw 11 of its levels.
You also visited: Ossuary.

You collected 638 gold pieces.

Inventory:

Hand Weapons
 d - a +0 dagger (weapon)
Missiles
 x - 2 throwing nets (quivered)
Armour
 a - a +0 robe
 t - a +2 leather armour of cold resistance (worn)
 y - a +1 hat (worn)
 J - a +0 cloak (worn)
 L - a +3 ring mail
Jewellery
 h - an uncursed amulet of stasis
 D - an uncursed amulet of warding
 I - an uncursed ring of protection from fire
 M - an uncursed amulet of guardian spirit {unknown}
 N - a +2 ring of evasion (left hand)
 O - a ring of fire (right hand)
 T - a +4 ring of dexterity
 V - an amulet of faith (around neck)
Wands
 l - a wand of enslavement (0)
 E - a wand of random effects (18)
 R - a wand of slowing (19)
Scrolls
 g - 4 scrolls of remove curse
 j - a scroll of immolation
 k - a scroll of teleportation
 m - 3 scrolls of enchant armour
 o - 2 scrolls of fear
 p - 2 scrolls of amnesia
 s - 2 scrolls of recharging
 w - a scroll of fog
Potions
 e - a potion of resistance {unknown}
 f - 2 potions of cancellation
 n - 2 potions of ambrosia {unknown}
 r - 4 potions of magic
 v - 2 potions of degeneration {unknown}
 z - 2 potions of haste {unknown}
 A - 4 potions of curing
 B - 2 potions of brilliance {unknown}
 C - 3 potions of lignification
 G - 3 potions of flight {unknown}
 K - 2 potions of poison {unknown}
 P - 2 potions of mutation {unknown}
 Q - a potion of might {unknown}
 U - 3 potions of agility
Books
 b - a book of Flames

   Spells                             Type                      Level
   a - Flame Tongue                   Conjuration/Fire             1
   b - Throw Flame                    Conjuration/Fire             2
   c - Conjure Flame                  Conjuration/Fire             3
   d - Inner Flame                    Hexes/Fire                   3
   e - Sticky Flame                   Conjuration/Fire             4
   f - Fireball                       Conjuration/Fire             5
 u - a book of Frost

   Spells                             Type                      Level
   a - Freeze                         Ice                          1
   b - Throw Frost                    Conjuration/Ice              2
   c - Ozocubu's Armour               Charms/Ice                   3
   d - Throw Icicle                   Conjuration/Ice              4
   e - Summon Ice Beast               Ice/Summoning                4
   f - Condensation Shield            Ice                          4
Miscellaneous
 q - a box of beasts {used: 5}
Comestibles
 c - 12 bread rations
 i - 8 beef jerkies
 F - 5 meat rations
 H - 4 slices of pizza
 S - 4 fruits


   Skills:
 + Level 5.0 Fighting
 + Level 4.7 Dodging
 - Level 1.7 Stealth
 + Level 8.5 Spellcasting
 * Level 11.2 Conjurations
 * Level 10.6 Fire Magic


You had 14 spell levels left.
You knew the following spells:

 Your Spells              Type           Power        Failure   Level  Hunger
a - Flame Tongue          Conj/Fire      #####        1%          1    None
b - Conjure Flame         Conj/Fire      ######..     1%          3    None
c - Sticky Flame          Conj/Fire      ######..     1%          4    ###....
d - Fireball              Conj/Fire      ######....   1%          5    #####..


Dungeon Overview and Level Annotations

Branches:
Dungeon (11/15)            Temple (0/1) D:6             Orc (0/4) D:9
   Lair: D:8-11

Altars:
Dithmenos
Elyvilon
Nemelex Xobeh
Okawaru
Sif Muna
Vehumet
The Shining One

Shops:
D:4 *


Innate Abilities, Weirdness & Mutations

You are partially covered in thin metallic scales (AC +2).
You are significantly more attuned to the shadows.
You regenerate health from kills.


Message History

You feel less regenerative. The cyan ugly thing kicks you!
The cyan ugly thing shocks you!
* * * LOW HITPOINT WARNING * * *
There is an open door here.
Your larval weirdshock beast bursts into living lightning!
The living lightning hits the cyan ugly thing.
The cyan ugly thing resists.
Your larval weirdshock beast blinks!
Casting: Flame Tongue
Confirm with . or Enter, or press ? or * to list all spells.
Aiming: Flame Tongue
Press: ? - help, Shift-Dir - straight line, f/p - cyan ugly thing
Aim: a cyan ugly thing (almost dead)
You feel a surge of power!
The flame tongue hits the cyan ugly thing.
The cyan ugly thing is almost dead.
The cyan ugly thing kicks you!
* * * LOW HITPOINT WARNING * * *
The cyan ugly thing shocks you!
You die...

#............>.......
#....................
#............#######.
######............#
#.
#......###'######.#
##
#......#.......>#.#
#...)..#H.......#.#
#......#........#
#...<..#.@......#
#......#u########
#.†.............
#...)........)..
#...)...........
#...............
#...............
#.......(......#
#....(##+##....#


You could see a cyan ugly thing and a friendly larval weirdshock beast.

Vanquished Creatures
  Snorg (D:11)
  A hydra (D:8)
  Sonja (D:11)
  3 unseen horrors
  A hill giant (D:10)
  2 ugly things (D:11)
  A kobold demonologist (D:11)
  2 gargoyles
  A troll (D:9)
  A two-headed ogre (D:10)
  Sigmund (D:3)
  3 deep elf magi
  4 yaks
  4 humans (D:11)
  Grum (D:11)
  2 wolves (D:11)
  Edmund (D:11)
  A hungry ghost (D:10)
  3 water moccasins
  4 orc warriors
  An ice beast (D:6)
  2 phantoms
  A black bear (D:8)
  3 sky beasts
  An eye of draining (D:10)
  2 centaurs
  9 ogres
  5 big kobolds
  A crocodile (D:9)
  5 giant frogs
  A wyvern skeleton (D:10)
  8 scorpions
  A killer bee (D:10)
  9 wights
  A quasit (D:11)
  3 orc priests
  A jelly (D:7)
  3 centaur zombies
  A giant frog skeleton (D:8)
  11 hounds
  2 centaur skeletons
  An orc wizard (D:8)
  2 iguanas
  Natasha (thrice) (D:4)
  8 worker ants
  2 sheep (D:11)
  2 big kobold zombies (Ossuary)
  2 hound zombies
  A mummy (Ossuary)
  2 worker ant zombies
  18 adders
  5 gnolls
  2 shadow imps
  An adder skeleton (D:8)
  An adder zombie (D:6)
  3 worms
  6 giant geckos
  19 orcs
  8 bats
  3 giant cockroaches
  4 goblins
  9 hobgoblins
  24 jackals
  4 quokkas
  3 ball pythons
  3 bat simulacra (Ossuary)
  A giant gecko zombie (D:5)
  3 giant newts
  4 gnoll zombies (Ossuary)
  2 goblin simulacra (Ossuary)
  A goblin zombie (Ossuary)
  3 hobgoblin zombies (Ossuary)
  A jackal zombie (D:7)
  21 kobolds
  5 kobold simulacra (Ossuary)
  3 kobold zombies (Ossuary)
  2 orc zombies (Ossuary)
  2 quokka zombies
  7 rats
300 creatures vanquished.

Vanquished Creatures (collateral kills)
  A centaur warrior (D:10)
  An ugly thing (D:10)
  An ice beast (D:10)
  2 crimson imps
5 creatures vanquished.

Grand Total: 305 creatures vanquished

Notes
Turn   | Place    | Note
--------------------------------------------------------------
     0 | D:1      | alib the Demonspawn Fire Elementalist began the quest for the Orb.
     0 | D:1      | Reached XP level 1. HP: 13/13 MP: 3/3
   279 | D:1      | Gained mutation: You regenerate a little health from kills. [demonic ancestry]
   279 | D:1      | Reached XP level 2. HP: 14/19 MP: 0/5
   486 | D:1      | Reached skill level 3 in Fire Magic
   749 | D:1      | Reached XP level 3. HP: 24/24 MP: 1/6
   818 | D:2      | Learned a level 3 spell: Conjure Flame
  1318 | D:3      | Found a deep blue altar of Sif Muna.
  1329 | D:3      | Gained mutation: You are slightly more attuned to the shadows. [demonic ancestry]
  1329 | D:3      | Reached XP level 4. HP: 30/30 MP: 3/8
  1335 | D:3      | Learned a level 4 spell: Sticky Flame
  1765 | D:3      | Reached XP level 5. HP: 35/35 MP: 4/9
  1908 | D:3      | Noticed Sigmund
  1941 | D:3      | Killed Sigmund
  1941 | D:3      | Reached skill level 4 in Fire Magic
  1941 | D:3      | Gained mutation: You regenerate health from kills. [demonic ancestry]
  1941 | D:3      | Reached XP level 6. HP: 15/41 MP: 0/11
  2116 | D:3      | Found a glowing golden altar of the Shining One.
  2120 | D:3      | Found a white marble altar of Elyvilon.
  2456 | D:4      | Noticed Natasha
  2462 | D:4      | Killed Natasha
  2540 | D:4      | Found Wuga's Serpentskin Sales.
  2540 | D:4      | Noticed a water moccasin
  2541 | D:4      | Noticed a water moccasin
  2549 | D:4      | Killed a water moccasin
  2702 | D:4      | Noticed Natasha
  2712 | D:4      | Found a sand-covered staircase.
  2713 | D:4      | Killed Natasha
  2725 | Ossuary  | Entered an ossuary
  2974 | Ossuary  | Gained mutation: You are significantly more attuned to the shadows. [demonic ancestry]
  2974 | Ossuary  | Reached XP level 7. HP: 46/46 MP: 7/13
  3241 | D:4      | Killed a water moccasin
  3259 | D:4      | Reached skill level 5 in Fire Magic
  3298 | D:4      | Noticed Natasha
  3299 | D:4      | Killed Natasha
  3430 | D:4      | Reached skill level 5 in Conjurations
  3664 | D:4      | Found a radiant altar of Vehumet.
  3673 | D:4      | Became a worshipper of Vehumet
  3799 | D:5      | Entered Level 5 of the Dungeon
  3846 | D:5      | Learned a level 5 spell: Fireball
  3987 | D:5      | Reached skill level 5 in Spellcasting
  4140 | D:5      | Found a sparkling altar of Nemelex Xobeh.
  4341 | D:5      | Reached XP level 8. HP: 52/52 MP: 12/15
  4631 | D:6      | Reached skill level 6 in Conjurations
  4894 | D:6      | Reached * piety under Vehumet
  4894 | D:6      | Offered knowledge of Freeze by Vehumet.
  4974 | D:6      | Found a staircase to the Ecumenical Temple.
  5415 | D:7      | Reached skill level 7 in Conjurations
  5494 | D:7      | Reached XP level 9. HP: 57/57 MP: 13/18
  5839 | D:7      | Reached ** piety under Vehumet
  5839 | D:7      | Offered knowledge of Sting by Vehumet.
  6382 | D:7      | Found a shadowy altar of Dithmenos.
  6598 | D:8      | Noticed a six-headed hydra
  6625 | D:8      | Killed a six-headed hydra
  6625 | D:8      | Reached skill level 8 in Conjurations
  6928 | D:8      | Gained mutation: You are partially covered in thin metallic scales (AC +2). [demonic ancestry]
  6928 | D:8      | Reached XP level 10. HP: 23/63 MP: 13/21
  7304 | D:9      | Offered knowledge of Dazzling Spray by Vehumet.
  7504 | D:9      | Reached *** piety under Vehumet
  7536 | D:9      | Reached skill level 9 in Conjurations
  7590 | D:9      | Found an iron altar of Okawaru.
  7715 | D:9      | Found a staircase to the Orcish Mines.
  7812 | D:9      | Reached skill level 1 in Fighting
  8135 | D:10     | Entered Level 10 of the Dungeon
  8304 | D:10     | Noticed a hill giant
  8310 | D:10     | Killed a hill giant
  8310 | D:10     | Offered knowledge of Ignite Poison by Vehumet.
  8456 | D:10     | Noticed a white ugly thing
  8457 | D:10     | Killed an unseen horror
  8457 | D:10     | Reached skill level 10 in Conjurations
  8463 | D:10     | Killed a white ugly thing
  8570 | D:10     | Noticed an unseen horror
  8577 | D:10     | Killed an unseen horror
  8577 | D:10     | Reached XP level 11. HP: 31/75 MP: 7/23
  8879 | D:10     | Noticed a centaur warrior
  8905 | D:10     | Killed a centaur warrior
  9860 | D:11     | Reached **** piety under Vehumet
  9927 | D:11     | Offered knowledge of Force Lance by Vehumet.
  9946 | D:11     | Noticed Edmund
  9949 | D:11     | Reached skill level 10 in Fire Magic
  9953 | D:11     | Killed Edmund
 10062 | D:11     | Noticed Sonja
 10064 | D:11     | Killed Sonja
 10491 | D:11     | Noticed Snorg
 10560 | D:11     | Killed Snorg
 10560 | D:11     | Reached skill level 11 in Conjurations
 10782 | D:11     | Noticed Grum
 10784 | D:11     | Killed Grum
 10986 | D:11     | Reached ***** piety under Vehumet
 11047 | D:11     | Offered knowledge of Poison Arrow by Vehumet.
 11073 | D:11     | Reached skill level 5 in Fighting
 11096 | D:11     | Noticed an unseen horror
 11101 | D:11     | Killed an unseen horror
 11119 | D:11     | Slain by a cyan ugly thing

Action                   |  1- 3 |  4- 6 |  7- 9 | 10-12 || total
-------------------------+-------+-------+-------+-------++-------
Melee: Unarmed           |    35 |    12 |       |       ||    47
       Dagger            |       |    30 |    42 |    45 ||   117
 Cast: Flame Tongue      |    65 |   104 |   273 |   200 ||   642
       Sticky Flame      |       |     3 |    19 |    25 ||    47
       Conjure Flame     |       |     3 |     3 |     6 ||    12
       Fireball          |       |       |       |    45 ||    45
Evoke: Wand              |       |       |     6 |     3 ||     9
       Box of beasts     |       |       |       |     5 ||     5
  Use: Potion            |     1 |     3 |     1 |     3 ||     8
       Scroll            |     1 |       |    10 |     6 ||    17
 Stab: Sleeping          |       |     1 |     1 |       ||     2
  Eat: Chunk             |     2 |     5 |    14 |    17 ||    38
       Pizza             |       |       |     1 |       ||     1
       Royal jelly       |       |       |       |     2 ||     2
       Beef jerky        |       |       |       |     2 ||     2
       Fruit             |       |       |       |     1 ||     1
